 Dungeon Crawl Stone Soup version 0.22-a0-460-g49b1da7 (webtiles) character file.

4273 mralvarus the Earth Mage (level 10, -16/50 HPs)
             Began as a Gargoyle Earth Elementalist on June 9, 2018.
             Was a Priest of Vehumet.
             Demolished by a white ugly thing (27 damage)
             ... on level 8 of the Dungeon.
             The game lasted 00:43:29 (9195 turns).

mralvarus the Earth Mage (GrEE)                     Turns: 9195, Time: 00:43:30

Health: -16/50     AC: 10    Str: 11    XL:     10   Next: 31%
Magic:  2/17       EV: 17    Int: 20    God:    Vehumet [***...]
Gold:   481        SH:  0    Dex: 10    Spells: 8/19 levels left

rFire    . . .     SeeInvis .   h - +3 short sword (protect)
rCold    . . .     Gourm    .   (no shield)
rNeg     + . .     Faith    .   c - +0 robe
rPois    ∞         Spirit   .   (no helmet)
rElec    +         Reflect  .   (no cloak)
rCorr    .         Harm     .   w - +0 pair of gloves
MR       .....                  (no boots)
Stlth    ++........             (no amulet)
HPRegen  0.16/turn              e - +5 ring of evasion
MPRegen  0.15/turn              (no ring)

@: no status effects
A: negative energy resistance 1, electricity resistance, unbreathing,
petrification resistance, rot immunity, AC +7
a: Renounce Religion


You were on level 8 of the Dungeon.
You worshipped Vehumet.
Vehumet was most pleased with you.
You were not hungry.

You visited 1 branch of the dungeon, and saw 8 of its levels.
You also visited: Ossuary.

You collected 481 gold pieces.

Inventory:

Hand Weapons
 h - a +3 short sword of protection (weapon)
Missiles
 b - 32 stones (quivered)
 x - 47 arrows
Armour
 c - a +0 robe (worn)
 w - a +0 pair of gloves (worn)
Jewellery
 e - a +5 ring of evasion (left hand)
Wands
 j - a wand of random effects (60)
 q - a wand of polymorph (5)
 r - a wand of paralysis (12)
Scrolls
 l - 5 scrolls of teleportation
 s - 2 scrolls of remove curse
 u - 2 scrolls of amnesia
 y - a scroll of enchant armour {unknown}
 z - a scroll of enchant weapon
Potions
 a - 3 potions of haste
 f - a potion of heal wounds
 g - 3 potions of invisibility
 i - 9 potions of curing
 m - 6 potions of brilliance
 n - a potion of agility {unknown}
 o - 3 potions of flight
 p - 3 potions of resistance
 t - 3 potions of might
 v - a potion of cancellation {unknown}
 B - a potion of magic
Comestibles
 d - 16 rations


   Skills:
 - Level 1.5 Dodging
 - Level 2.1 Stealth
 - Level 5.0 Spellcasting
 - Level 0.7 Transmutations
 * Level 15.7 Earth Magic


You had 8 spell levels left.
You knew the following spells:

 Your Spells              Type           Power        Failure   Level  Hunger
a - Sandblast             Erth           ######       0%          1    None
b - Petrify               Tmut/Erth      #####...     3%          4    ####...
c - Lee's Rapid Deconstr  Erth           ######....   1%          5    #####..
d - Magic Dart            Conj           #...         3%          1    None

Your spell library contained the following spells:

 Spells                   Type           Power        Failure   Level  Hunger
 Summon Small Mammal      Summ           #...         12%         1    None
 Summon Ice Beast         Ice/Summ       #.......     75%         4    ####...
 Call Imp                 Summ           #.......     17%         2    None
 Stone Arrow              Conj/Erth      #####.       1%          3    ##.....
 Passwall                 Tmut/Erth      #####...     1%          2    None
 Call Canine Familiar     Summ           #.......     34%         3    ##.....
 Summon Lightning Spire   Summ/Air       #.......     75%         4    ####...
 Summon Guardian Golem    Hex/Summ       #.......     34%         3    ##.....


Dungeon Overview and Level Annotations

Branches:
Dungeon (8/15)             Temple (0/1) D:6
   Lair: D:8-11

Altars:
Dithmenos
Elyvilon
Fedhas
Gozag
Kikubaaqudgha
Makhleb
Okawaru
Sif Muna
Trog
Vehumet
Wu Jian
The Shining One

Shops:
D:4 :


Innate Abilities, Weirdness & Mutations

You are resistant to torment.
Your stone body is resilient. (AC +7)
You are immune to poison.
You resist negative energy. (rN+)
You are resistant to electric shocks. (rElec)
You can survive without breathing.
You are immune to petrification.
You are immune to rotting.


Message History

You barely miss the white ugly thing.
The white ugly thing is heavily wounded.
The white ugly thing completely misses you.
You barely miss the white ugly thing.
The white ugly thing is heavily wounded.
The white ugly thing punches you! The white ugly thing freezes you!
You closely miss the white ugly thing.
The white ugly thing is heavily wounded.
The white ugly thing punches you. The white ugly thing freezes you!
* * * LOW HITPOINT WARNING * * *
The sky beast flickers out of sight!
Deactivating autopickup; reactivate with Ctrl-A.
A sky beast appears from thin air!
Reactivating autopickup.
You feel better. The sky beast completely misses you.
The white ugly thing punches you!
* * * LOW HITPOINT WARNING * * *
The white ugly thing freezes you!!
Ouch! That really hurt!
You die...

###....################........
..+....'.......†)....(.........
###....##############.#........
#....# #......[..#†)......
#÷...# #.........#........
#....# #.........#........
#....# #.........#.......$
###....######.........#........
............'..Y@.....#####....
###.#+#######.§.u........ ###.#
.....##..###..... ...[# .....
##.# #..... ##### .... #.#
..... # #.# .[.. # #.# ### #
#$. # ##.


You could see a white ugly thing and a sky beast.

Vanquished Creatures
  A two-headed ogre (D:8)
  2 hippogriffs
  A human (D:7)
  A yak (D:7)
  3 hogs (D:7)
  An orc warrior (D:6)
  2 phantoms
  3 ice beasts
  2 sky beasts
  An ogre (D:6)
  3 centaurs
  A bullfrog (D:7)
  3 water moccasin zombies (Ossuary)
  A scorpion (D:6)
  7 killer bees (D:8)
  2 howler monkeys
  2 crimson imps
  3 hounds
  2 jellies
  A bullfrog skeleton (D:8)
  3 orc priests
  An orc wizard (D:6)
  4 worker ants
  3 big kobold zombies (Ossuary)
  A hound skeleton (D:4)
  2 mummies (Ossuary)
  A worker ant zombie (D:7)
  10 adders
  2 howler monkey skeletons (D:5)
  An ooze (D:5)
  4 adder zombies (Ossuary)
  4 worms
  4 dart slugs
  6 leopard geckos
  14 orcs
  A ball python (D:3)
  7 bats
  4 giant cockroaches
  9 goblins
  13 hobgoblins
  8 jackals
  3 quokkas
  5 frilled lizards
  A gnoll zombie (Ossuary)
  6 hobgoblin zombies (Ossuary)
  A jackal zombie (D:5)
  5 kobolds (D:1)
  3 kobold zombies (Ossuary)
  A leopard gecko zombie (D:7)
  8 orc zombies (Ossuary)
  7 rats
184 creatures vanquished.

Notes
Turn   | Place    | Note
-------+----------+-------------------------------------------
     0 | D:1      | mralvarus the Gargoyle Earth Elementalist began the quest for the Orb.
     0 | D:1      | Reached XP level 1. HP: 10/10 MP: 3/3
   150 | D:1      | Reached XP level 2. HP: 8/15 MP: 5/5
   753 | D:1      | Reached XP level 3. HP: 8/19 MP: 7/7
  2381 | D:2      | Reached XP level 4. HP: 13/24 MP: 6/10
  2566 | D:2      | Found an ornate altar of the Wu Jian Council.
  3569 | D:3      | Reached XP level 5. HP: 22/28 MP: 11/11
  3581 | D:3      | Learned a level 4 spell: Petrify
  3794 | D:3      | Learned a level 5 spell: Lee's Rapid Deconstruction
  3947 | D:3      | Found a white marble altar of Elyvilon.
  4037 | D:3      | Found an opulent altar of Gozag.
  4051 | D:3      | Found a bloodstained altar of Trog.
  4202 | D:4      | Found a radiant altar of Vehumet.
  4205 | D:4      | Became a worshipper of Vehumet
  4206 | D:4      | Identified Vehumet's Handbook of Attacks
  4211 | D:4      | Found an ancient bone altar of Kikubaaqudgha.
  4212 | D:4      | Found a deep blue altar of Sif Muna.
  4299 | D:4      | Reached skill level 5 in Spellcasting
  4328 | D:4      | Reached skill level 4 in Earth Magic
  4377 | D:4      | Reached XP level 6. HP: 26/32 MP: 7/13
  4428 | D:4      | Found Buakhlih's Book Shoppe.
  4658 | D:4      | Reached skill level 5 in Earth Magic
  4662 | D:4      | Found a sand-covered staircase.
  4682 | Ossuary  | Entered an ossuary
  4888 | Ossuary  | Reached skill level 6 in Earth Magic
  4938 | Ossuary  | Reached XP level 7. HP: 33/36 MP: 14/14
  4961 | Ossuary  | Reached * piety under Vehumet
  4961 | Ossuary  | Offered knowledge of Shock by Vehumet.
  5008 | Ossuary  | Reached skill level 7 in Earth Magic
  5529 | D:5      | Entered Level 5 of the Dungeon
  5538 | D:5      | Reached skill level 8 in Earth Magic
  5771 | D:5      | Reached skill level 9 in Earth Magic
  5789 | D:5      | Found a glowing golden altar of the Shining One.
  5821 | D:5      | Found an iron altar of Okawaru.
  5944 | D:5      | Found a blossoming altar of Fedhas.
  6042 | D:5      | Reached XP level 8. HP: 18/41 MP: 4/15
  6511 | D:5      | Learned a level 1 spell: Magic Dart
  6526 | D:6      | Reached skill level 10 in Earth Magic
  6537 | D:6      | Found a staircase to the Ecumenical Temple.
  6669 | D:6      | Reached ** piety under Vehumet
  6669 | D:6      | Offered knowledge of Flame Tongue by Vehumet.
  6861 | D:6      | Reached skill level 11 in Earth Magic
  7695 | D:7      | Reached skill level 12 in Earth Magic
  7826 | D:7      | Noticed a yak
  7830 | D:7      | Reached XP level 9. HP: 36/45 MP: 16/16
  7844 | D:7      | Reached skill level 13 in Earth Magic
  8050 | D:7      | Found a burning altar of Makhleb.
  8199 | D:7      | Found a shadowy altar of Dithmenos.
  8418 | D:7      | Reached skill level 14 in Earth Magic
  8486 | D:7      | Offered knowledge of Inner Flame by Vehumet.
  8831 | D:8      | Noticed a two-headed ogre
  8850 | D:8      | Killed a two-headed ogre
  8850 | D:8      | Reached skill level 15 in Earth Magic
  8850 | D:8      | Reached XP level 10. HP: 25/50 MP: 0/17
  9025 | D:8      | Reached *** piety under Vehumet
  9168 | D:8      | Noticed a white ugly thing
  9195 | D:8      | Demolished by a white ugly thing

Vault maps used:
D:1:      minmay_arrival_plants_in_alcoves
D:2:      overflow_temple_1_default, first_ration
D:3:      old_standard_altar, nicolae_gozag_cash_rules_everything_around_me,
          old_standard_altar
D:4:      grunt_temple_overflow_magic_moments, serial_shops,
          kennysheep_mini_moat, lightli_ossuary_entry_decrepit_ruins
D:5:      lemuel_doored_altar, old_standard_altar, st_stairs_11,
          minmay_statues_item, okawaru_gym_becter
D:6:      temple_fountains
D:7:      lemuel_round_altar, grunt_dithmenos_smoke, grunt_livestock
Ossuary:  ossuary_tomb_2

Skill      XL: |  1  2  3  4  5  6  7  8  9 |
---------------+----------------------------+-----
Spellcasting   | 3 4 5 |  5.0
Earth Magic    | 4 6 9 12 15 | 15.7
Dodging        | |  1.5
Stealth        | |  2.1
Transmutations | |  0.7

Action                   |  1- 3 |  4- 6 |  7- 9 | 10-12 || total
-------------------------+-------+-------+-------+-------++-------
Melee: Dagger            |   223 |   109 |       |       ||   332
       Unarmed           |     8 |       |       |       ||     8
       Short sword       |       |   142 |   311 |    26 ||   479
 Cast: Sandblast         |     8 |    25 |    77 |    16 ||   126
       Petrify           |       |       |     3 |     3 ||     6
       Lee's Rapid Decon |       |       |     2 |     1 ||     3
  Use: Scroll            |       |     7 |    13 |       ||    20
       Potion            |       |       |       |     1 ||     1
 Stab: Sleeping          |     4 |     4 |     1 |       ||     9
  Eat: Chunk             |     5 |     7 |     8 |     1 ||    21
       Ration            |       |       |     2 |     1 ||     3
Armor: Robe              |    64 |    86 |   130 |    14 ||   294
Dodge: Dodged            |   145 |   175 |   326 |    32 ||   678

Table legend:
 A = Spawn XP
 B = Non-spawn XP
 C = Spawn XP percentage of total XP
 D = Spawn monster count
 E = Non-spawn monster count
 F = Spawn count percentage of total count
 G = Total turns spent on level
                    A         B        C        D         E        F      G
               +---------+---------+-------+---------+---------+-------+---------
         Total |       0 |    6105 |   0.0 |       0 |     184 |   0.0 |  9195
               +---------+---------+-------+---------+---------+-------+---------
           D:1 |       0 |      59 |   0.0 |       0 |      29 |   0.0 |  1849
           D:2 |       0 |      80 |   0.0 |       0 |      22 |   0.0 |  1360
           D:3 |       0 |      60 |   0.0 |       0 |      21 |   0.0 |   984
           D:4 |       0 |     154 |   0.0 |       0 |      13 |   0.0 |   764
           D:5 |       0 |     690 |   0.0 |       0 |      15 |   0.0 |   987
           D:6 |       0 |     720 |   0.0 |       0 |      18 |   0.0 |  1001
           D:7 |       0 |    1801 |   0.0 |       0 |      16 |   0.0 |  1204
           D:8 |       0 |    2149 |   0.0 |       0 |      20 |   0.0 |   474
       Ossuary |       0 |     392 |   0.0 |       0 |      30 |   0.0 |   572
               +---------+---------+-------+---------+---------+-------+---------
